 Dungeon Crawl Stone Soup version 0.21-a0-450-gd87a9b2 (webtiles) character file.

1714 zxpr0jk the Ducker (level 9, -9/90 HPs)
             Began as a Halfling Gladiator on Nov 19, 2017.
             Was a Follower of Dithmenos.
             Mangled by Pikel
             ... wielding a +1 whip of electrocution
              (16 damage)
             ... on level 6 of the Dungeon.
             The game lasted 00:15:56 (6549 turns).

zxpr0jk the Ducker (Halfling Gladiator)             Turns: 6549, Time: 00:15:56

Health: -9/90      AC: 24    Str: 18    XL:     9   Next: 24%
Magic:  9/9        EV:  3    Int:  6    God:    Dithmenos [*.....]
Gold:   283        SH:  0    Dex: 16    Spells: 8/8 levels left

rFire    . . .     SeeInvis .   a - +0 long sword
rCold    . . .     Gourm    .   (shield restricted)
rNeg     + + +     Faith    .   (armour currently unavailable)
rPois    +         Spirit   .   (helmet currently unavailable)
rElec    .         Reflect  .   (cloak currently unavailable)
rCorr    .         Harm     .   (gloves currently unavailable)
MR       .....     NoTele   +   (boots currently unavailable)
Stlth    ++++++....             (no amulet)
HPRegen  0.25/turn              v - ring of stealth
MPRegen  0.11/turn              p - ring of stealth

@: tree-form, wreathed by umbra
A: mutation resistance 1
a: Renounce Religion


You were on level 6 of the Dungeon.
You worshipped Dithmenos.
Dithmenos was aware of your devotion.
You were full.
You were a tree.
You visited 2 branches of the dungeon, and saw 7 of its levels.

You collected 283 gold pieces.

Inventory:

Hand Weapons
 a - a +0 long sword (weapon)
Armour
 c - a +0 helmet (melded)
 e - a +1 robe of magic resistance (melded)
 h - a +0 pair of gloves (melded)
Jewellery
 m - an uncursed ring of poison resistance
 p - a ring of stealth (right branch)
 v - a ring of stealth (left branch)
Scrolls
 g - 2 scrolls of fear
 k - 2 scrolls of remove curse
 q - 4 scrolls of blinking {unknown}
 r - 2 scrolls of teleportation {unknown}
 s - 2 scrolls of recharging {unknown}
Comestibles
 f - 5 bread rations
 t - 2 meat rations


   Skills:
 + Level 4.8 Fighting
 + Level 7.2 Long Blades
 - Level 2.0 Throwing
 + Level 7.9 Dodging
 * Level 4.3 Stealth


You had 8 spell levels left.
You didn't know any spells.

Dungeon Overview and Level Annotations

Branches:
Dungeon (6/15)             Temple (1/1) D:4

Altars:
Cheibriados
Dithmenos
Elyvilon
Kikubaaqudgha
Nemelex Xobeh
Ru
Sif Muna
Uskayaw
Zin
The Shining One

Annotations:
D:6 Pikel


Innate Abilities, Weirdness & Mutations

You are small and have problems with some larger weapons.
You are somewhat resistant to further mutation.


Message History

The leopard gecko skeleton is unaffected.
You catch the helpless Pikel completely off-guard!
You hit Pikel.
Your attack snaps Pikel out of his fear.
Pikel is moderately wounded.
The leopard gecko skeleton bites you but does no damage.
You hit the leopard gecko skeleton but do no damage.
The leopard gecko skeleton bites you but does no damage.
You hit the leopard gecko skeleton.
The leopard gecko skeleton is almost destroyed.
Pikel hits you but does no damage.
The leopard gecko skeleton barely misses you.
You hit Pikel.
Pikel is heavily wounded.
Pikel barely misses you.
The leopard gecko skeleton bites you but does no damage.
You hit Pikel.
Pikel is heavily wounded.
Pikel hits you but does no damage.
You are electrocuted!
You die...

..)....# ###)#..... ......
..).#..... ...........
..###..... .).. .....# ....
......... #... .....# ....
..############...
....#ā‰ˆpā‰ˆ..
#................
..#.#ā‰ˆ....
#.##.....######..###p#.'p..
#..#.......#.....ā™£K#.#.'p
#..#...o.#.#.##.Z#Z..#.#
#..###.#(.o...#........#
#..###.#o#.#..#......#.#
.......#o#....#......#.#
##.###.#......#......#.#
....................p###
###.######...##a....p###
..... #......>......#


You could see Pikel, 2 slaves, a worker ant (fleeing), a wyvern zombie and a
leopard gecko skeleton.

Vanquished Creatures
  Grinder (D:3)
  An ice beast (D:5)
  2 ogres
  A centaur (D:6)
  2 big kobolds (D:3)
  A bullfrog (D:6)
  A wyvern skeleton (D:5)
  A scorpion (D:5)
  A crimson imp (D:5)
  A bullfrog zombie (D:5)
  A quasit (D:5)
  3 orc priests
  Crazy Yiuf (D:2)
  6 orc wizards
  4 worker ants
  A killer bee zombie (D:5)
  A hound skeleton (D:5)
  Robin (D:2)
  7 gnolls (D:3)
  2 worker ant zombies
  9 adders
  2 shadow imps (D:5)
  An ooze (D:1)
  An adder skeleton (D:5)
  4 worms
  2 dart slugs (D:1)
  4 leopard geckos
  12 orcs
  3 ball pythons
  4 giant cockroaches
  15 goblins
  15 hobgoblins
  10 jackals
  12 kobolds
  4 quokkas
  9 bats
  4 frilled lizards
  A leopard gecko skeleton (D:4)
  A quokka skeleton (D:3)
  13 rats
165 creatures vanquished.

Vanquished Creatures (others)
  An orc wizard (D:5)
1 creature vanquished.

Grand Total: 166 creatures vanquished

Notes
Turn   | Place    | Note
-------+----------+-------------------------------------------
     0 | D:1      | zxpr0jk the Halfling Gladiator began the quest for the Orb.
     0 | D:1      | Reached XP level 1. HP: 14/14 MP: 1/1
    73 | D:1      | Reached XP level 2. HP: 15/19 MP: 2/2
   224 | D:1      | Reached XP level 3. HP: 19/24 MP: 3/3
   780 | D:2      | Noticed Robin
   780 | D:2      | Reached XP level 4. HP: 27/29 MP: 4/4
   807 | D:2      | Killed Robin
  1101 | D:2      | Found a runed door.
  1270 | D:2      | Reached XP level 5. HP: 19/35 MP: 5/5
  1677 | D:2      | Found an ancient bone altar of Kikubaaqudgha.
  1803 | D:2      | Noticed Crazy Yiuf
  1812 | D:2      | Killed Crazy Yiuf
  2105 | D:3      | Found a glowing silver altar of Zin.
  2291 | D:3      | Reached XP level 6. HP: 40/41 MP: 6/6
  2301 | D:3      | Reached skill level 5 in Dodging
  2503 | D:3      | Found a deep blue altar of Sif Muna.
  2602 | D:3      | Noticed Grinder
  2625 | D:3      | Paralysed by Grinder for 4 turns
  2647 | D:3      | Killed Grinder
  2647 | D:3      | Reached skill level 5 in Long Blades
  2647 | D:3      | Reached XP level 7. HP: 20/46 MP: 7/7
  3474 | D:4      | Found a staircase to the Ecumenical Temple.
  3483 | D:4      | Reached XP level 8. HP: 53/54 MP: 8/8
  3503 | Temple   | Entered the Ecumenical Temple
  3539 | Temple   | Became a worshipper of Dithmenos the Shadowed
  4030 | D:5      | Entered Level 5 of the Dungeon
  4798 | D:5      | Reached skill level 1 in Stealth
  5443 | D:6      | Reached * piety under Dithmenos
  5443 | D:6      | Reached XP level 9. HP: 50/59 MP: 9/9
  6501 | D:6      | Noticed Pikel
  6549 | D:6      | Mangled by Pikel

Vault maps used:
D:1:      mrwooster_arrival_statue
D:2:      nicolae_overflow_hidden_temple, first_bread, uniq_crazy_yiuf_cottage,
          uniq_robin
D:3:      cheibrodos_thug_alley, zin_academy, lemuel_blue_sif_altar,
          uniq_grinder
D:4:      minmay_temple_entry_butterflies
D:6:      nicolae_gozag_seed_capital, kennysheep_dice, uniq_pikel
Temple:   nicolae_temple_hex_pool

Skill      XL: |  1  2  3  4  5  6  7  8  9 |
---------------+----------------------------+-----
Fighting       | 2 3 4 |  4.8
Dodging        | 4 5 6 7 |  7.9
Long Blades    | 4 5 6 7 |  7.2
Stealth        | 3 4 |  4.3
Throwing       | |  2.0

Action                   |  1- 3 |  4- 6 |  7- 9 || total
-------------------------+-------+-------+-------++-------
Melee: Long sword        |    88 |   220 |   376 ||   684
Throw: Throwing net      |       |     7 |     4 ||    11
  Use: Potion            |       |     1 |     7 ||     8
       Scroll            |       |       |     8 ||     8
 Stab: Sleeping          |     1 |       |     1 ||     2
       Held in net/web   |       |     2 |     1 ||     3
       Distracted        |       |       |     1 ||     1
       Fleeing           |       |       |     1 ||     1
  Eat: Chunk             |       |     2 |     7 ||     9
       Bread ration      |       |     1 |     1 ||     2
       Meat ration       |       |       |     1 ||     1
       Fruit             |       |       |     1 ||     1
Armor: Leather armour    |    28 |    32 |    53 ||   113
       Skin              |       |       |    31 ||    31
       Robe              |       |       |    14 ||    14
Dodge: Dodged            |    93 |   188 |   357 ||   638
       Rpst.: Long sword |    31 |    47 |    94 ||   172

Table legend:
 A = Spawn XP
 B = Non-spawn XP
 C = Spawn XP percentage of total XP
 D = Spawn monster count
 E = Non-spawn monster count
 F = Spawn count percentage of total count
 G = Total turns spent on level
                    A         B        C        D         E        F      G
               +---------+---------+-------+---------+---------+-------+---------
         Total |       0 |    2449 |   0.0 |       0 |     166 |   0.0 |  6549
               +---------+---------+-------+---------+---------+-------+---------
           D:1 |       0 |      56 |   0.0 |       0 |      31 |   0.0 |   693
           D:2 |       0 |     143 |   0.0 |       0 |      34 |   0.0 |  1200
           D:3 |       0 |     622 |   0.0 |       0 |      36 |   0.0 |  1223
           D:4 |       0 |     221 |   0.0 |       0 |      17 |   0.0 |   849
           D:5 |       0 |     887 |   0.0 |       0 |      29 |   0.0 |  1645
           D:6 |       0 |     520 |   0.0 |       0 |      19 |   0.0 |   874
               +---------+---------+-------+---------+---------+-------+---------
